Map: Ruins of Seras

Players

Bop

  • Race: Terran Terran

Dreadski - Winner!

  • Race: Zerg Zerg

VOD

Have the link to the VOD?

Description

Time

  • Played on: May 2, 2015, 7:49 p.m.
  • Length: 15:05
Show
View Real Time Build Order
Export as new Build Order

Bop Terran 

Build Orders: Hellion Banshee 

Get SALT Encoding   

  12  0:01  SCV  
  13  0:14  SCV  
  14  0:20  Supply Depot  
  14  0:26  SCV  
  15  0:41  SCV  
  16  0:43  Barracks  
  16  0:53  SCV  
  17  1:12  Command Center  
  17  1:16  SCV  
  18  1:31  Marine  
  20  1:34  Supply Depot  
  20  1:37  Orbital Command  
  19  1:44  Refinery  
  19  1:49  Marine  
  20  2:04  SCV  
  20  2:07  Marine  
  22  2:09  Refinery  
  22  2:16  Bunker  
  22  2:18  SCV  
  23  2:24  Orbital Command  
  23  2:25  Marine  
  24  2:35  SCV  
  25  2:42  Marine  
  26  2:47  Factory  
  26  2:50  SCV  
  26  2:51  SCV  
  27  3:01  Barracks Reactor  
  27  3:06  Supply Depot  
  27  3:11  SCV x2  
  29  3:23  SCV  
  30  3:27  Command Center  
  30  3:31  SCV  
  31  3:35  SCV  
  32  3:43  SCV, Barracks Tech Lab, Starport  
  32  3:44  Supply Depot  
  32  3:46  Hellion  
  32  3:47  SCV  
  36  3:49  Hellion  
  38  4:07  Supply Depot  
  38  4:08  Supply Depot, Hellion  
  40  4:10  SCV x2  
  40  4:11  Hellion  
  44  4:25  Armory  
  44  4:27  SCV x2  
  44  4:29  Refinery x2  
  46  4:32  Hellion  
  46  4:36  Hellion  
  50  4:40  Cloaking Field  
  50  4:44  Banshee  
  53  4:47  Orbital Command  
  53  4:51  SCV x2  
  55  4:56  Hellion  
  57  5:01  Hellion  
  59  5:12  Factory x2  
  59  5:17  Hellion  
  61  5:22  Orbital Command  
  61  5:29  Banshee  
  61  5:31  Supply Depot  
  61  5:32  Supply Depot  
  64  5:39  Hellion  
  66  5:47  SCV  
  66  5:48  SCV x2  
  69  5:56  Factory Tech Lab x2  
  69  5:59  SCV  
  69  6:00  Missile Turret  
  70  6:06  Refinery x2  
  74  6:24  Thor x2  
  82  6:30  Cyclone  
  85  6:41  SCV x2  
  85  6:46  Viking  
  89  6:51  Viking  
  91  6:57  Missile Turret  
  91  6:58  SCV x3  
  90  7:03  Cyclone  
  90  7:07  Cyclone x2  
  82  7:15  SCV  
  82  7:16  SCV x2, Viking  
  82  7:21  Viking  
  89  7:28  SCV x2, Factory  
  91  7:34  Missile Turret  
  91  7:35  Terran Vehicle and Ship Weapons Level 1  
  91  7:36  Missile Turret  
  91  7:38  Missile Turret  
  91  7:41  Cyclone  
  91  7:43  SCV x3  
  97  7:46  Viking  
  97  7:51  Cyclone  
  102  7:55  SCV  
  103  7:59  SCV x2  
  105  8:07  Supply Depot, SCV  
  105  8:08  Cyclone  
  105  8:09  Supply Depot  
  105  8:10  Supply Depot  
  109  8:12  Fusion Core  
  109  8:21  Factory Reactor  
  109  8:28  Viking x2  
  109  8:29  SCV  
  109  8:32  SCV x2  
  116  8:39  Siege Tank  
  116  8:40  Siege Tank  
  116  8:41  SCV  
  111  8:44  SCV  
  91  8:51  Siege Tank  
  91  8:52  SCV  
  91  8:53  SCV  
  88  8:56  SCV  
  88  8:58  Viking x2  
  88  9:00  Hellion x2  
  95  9:09  Unknown  
  92  9:12  Siege Tank  
  95  9:17  Command Center  
  95  9:19  Siege Tank  
  95  9:21  Hellbat x2  
  102  9:26  Siege Tank  
  105  9:36  Command Center  
  105  9:40  SCV x2  
  105  9:43  Hellbat x2  
  105  9:44  Cyclone  
  114  9:51  Cyclone  
  116  9:58  Viking x2, Missile Turret  
  116  10:03  Missile Turret x2  
  116  10:04  Hellbat x2  
  116  10:05  Missile Turret  
  118  10:11  Missile Turret  
  118  10:13  Refinery  
  118  10:17  Cyclone x2  
  124  10:24  Cyclone  
  124  10:26  Hellion x2  
  131  10:30  Orbital Command  
  131  10:37  Refinery  
  130  10:47  Hellion x2  
  130  10:49  Missile Turret  
  132  10:53  Cyclone x2  
  137  10:58  Terran Vehicle and Ship Weapons Level 2  
  137  11:03  Refinery, Missile Turret  
  137  11:04  Missile Turret  
  133  11:05  Missile Turret  
  133  11:06  Orbital Command  
  133  11:07  Missile Turret  
  133  11:08  Hellbat x2  
  133  11:10  Refinery  
  133  11:16  Viking x2  
  135  11:21  Cyclone  
  138  11:31  Refinery  
  129  11:35  Orbital Command  
  129  11:36  Cyclone  
  130  11:41  Hellbat x2  
  134  11:50  Siege Tank  
  134  11:52  Viking  
  139  12:02  Hellbat  
  139  12:03  Cyclone  
  139  12:04  Hellbat  
  146  12:12  Cyclone  
  149  12:24  Cyclone  
  152  12:33  Hellion x2  
  152  12:35  Cyclone  
  156  12:44  Cyclone  
  150  12:52  Missile Turret x3  
  150  12:53  Viking x2  
  150  12:55  Hellion x2  
  141  13:03  Cyclone  
  127  13:11  Cyclone  
  107  13:20  Siege Tank  
  107  13:24  SCV x3  
  113  13:33  Hellion x2, Orbital Command  
  113  13:35  Siege Tank  
  113  13:37  Orbital Command  
  116  13:43  Siege Tank, Orbital Command  
  117  13:52  Cyclone  
  117  13:54  Hellbat  
  117  13:55  Hellbat  
  116  14:07  Cyclone  
  116  14:16  Siege Tank, Hellbat x2  
  123  14:19  Missile Turret  
  123  14:20  Refinery  
  123  14:22  Missile Turret  
  123  14:31  Refinery  
  123  14:32  Siege Tank  
  123  14:37  Hellbat x2  
Show
View Real Time Build Order
Export as new Build Order

Dreadski Zerg - Winner!

Build Orders: Hatch First 

Get SALT Encoding   

  12  0:01  Drone  
  13  0:13  Overlord  
  13  0:18  Drone  
  14  0:32  Drone x2  
  16  0:36  Drone  
  17  0:52  Hatchery  
  17  0:56  Drone  
  17  0:59  Extractor  
  17  1:00  Drone  
  17  1:16  Spawning Pool  
  16  1:20  Drone  
  16  1:21  Drone  
  18  1:30  Drone  
  19  1:40  Drone  
  20  1:51  Overlord  
  20  2:02  Metabolic Boost  
  20  2:09  Queen x2  
  20  2:10  Zergling x4  
  20  2:13  Drone  
  27  2:17  Drone  
  28  2:23  Drone  
  29  2:31  Drone  
  29  2:36  Drone  
  29  2:37  Drone  
  32  2:44  Queen  
  32  2:45  Queen  
  36  2:54  Overlord  
  36  3:07  Overlord  
  36  3:11  Hatchery  
  35  3:13  Drone x3  
  35  3:14  Drone  
  39  3:31  Drone x3  
  39  3:32  Drone x2  
  44  3:34  Overlord  
  44  3:38  Drone x3  
  47  3:42  Roach Warren  
  46  3:52  Drone x3  
  49  4:01  Drone x4  
  53  4:03  Lair, Extractor  
  53  4:04  Drone x2  
  53  4:08  Extractor x2  
  52  4:18  Zergling x8  
  55  4:33  Drone x2, Queen  
  55  4:34  Overlord  
  55  4:35  Drone x2  
  55  4:36  Drone x2  
  63  4:39  Drone x2  
  63  4:42  Overlord  
  65  4:48  Evolution Chamber  
  65  4:49  Drone x2  
  65  4:50  Evolution Chamber  
  65  4:57  Drone x4  
  65  4:58  Drone, Overlord  
  65  4:59  Drone  
  71  5:08  Spore Crawler  
  71  5:11  Spore Crawler  
  71  5:13  Spore Crawler  
  68  5:22  Roach x4  
  68  5:23  Drone  
  68  5:24  Drone  
  78  5:31  Spire  
  75  5:48  Zerg Missile Weapons Level 1, Glial Reconstitution, Zerg Ground Armor Level 1  
  75  5:49  Drone x2  
  77  5:50  Drone x8  
  77  5:51  Drone, Overlord  
  77  5:52  Overlord  
  77  5:53  Drone  
  86  6:08  Hatchery  
  85  6:16  Extractor  
  85  6:18  Extractor  
  83  6:29  Overseer  
  83  6:32  Hydralisk Den  
  84  6:33  Roach x11  
  84  6:34  Overlord x2  
  84  6:35  Overlord x2  
  84  6:36  Zergling x2  
  105  6:47  Drone  
  105  6:51  Overlord x3  
  105  6:57  Roach x2  
  105  6:58  Roach x4  
  105  7:10  Drone x6  
  105  7:11  Drone x4  
  115  7:20  Drone x2  
  117  7:27  Spine Crawler, Muscular Augments  
  116  7:31  Queen, Extractor  
  116  7:34  Extractor  
  116  7:41  Overseer  
  116  7:45  Drone x3  
  116  7:46  Drone x3  
  116  7:47  Drone x4  
  116  7:48  Drone  
  116  7:49  Spore Crawler  
  126  7:52  Spore Crawler  
  126  7:58  Zerg Ground Armor Level 2, Zerg Missile Weapons Level 2  
  125  8:02  Infestation Pit  
  125  8:03  Mutalisk x7  
  138  8:20  Overseer  
  138  8:28  Overlord x3  
  138  8:30  Mutalisk x3  
  138  8:32  Hatchery  
  143  8:35  Hatchery  
  132  8:48  Mutalisk x4  
  118  8:49  Mutalisk  
  118  8:55  Drone x2  
  126  9:05  Roach  
  126  9:06  Roach x15  
  158  9:10  Overseer  
  158  9:12  Overlord  
  158  9:15  Hive  
  158  9:27  Drone x5  
  158  9:28  Drone x2  
  165  9:42  Burrow, Pneumatized Carapace  
  165  9:43  Overlord x2  
  165  9:51  Roach x9  
  175  9:54  Extractor  
  175  9:55  Extractor  
  173  10:24  Spore Crawler x2  
  173  10:25  Spine Crawler  
  170  10:28  Viper x2  
  170  10:29  Viper x2  
  170  10:30  Ultralisk Cavern  
  181  10:51  Roach  
  181  10:52  Roach x8  
  183  11:10  Roach x2  
  183  11:11  Roach x11  
  185  11:35  Roach x3  
  185  11:36  Roach x2  
  189  11:40  Drone x4  
  189  11:42  Chitinous Plating  
  189  11:43  Greater Spire  
  189  11:44  Zerg Ground Armor Level 3  
  189  11:45  Zerg Melee Weapons Level 1  
  189  11:46  Lurker Den  
  193  11:47  Extractor  
  193  11:49  Extractor  
  191  11:54  Roach x2  
  191  11:55  Roach x2  
  199  12:09  Drone  
  200  12:25  Spore Crawler x2, Spine Crawler  
  200  12:28  Spore Crawler  
  184  12:45  Overlord x7  
  184  12:46  Overlord  
  184  12:48  Overlord x4  
  174  13:09  Corruptor  
  174  13:10  Corruptor x10  
  171  13:43  Hydralisk  
  171  13:44  Hydralisk x7  
  171  13:45  Overlord x3  
  171  13:46  Overlord  
  185  14:05  Corruptor  
  185  14:07  Roach  
  185  14:08  Roach x8  
  197  14:36  Drone x3  
  197  14:38  Hatchery  
  199  14:41  Overseer  
  199  14:42  Overseer  
Tags
 
Add a new tag
Caveats
  • Supply blocks, unpowered buildings, or Contaminate may cause inaccurate times.
  • Supply counts are checked every 10 seconds.